 Dungeon Crawl Stone Soup version 0.26.0-10-g1f06aea511 (webtiles) character file.

Game seed: 13878450624792890839

1922 Borgoz the Slasher (level 9, -4/75 HPs)
             Began as a Ghoul Gladiator on Jan 18, 2021.
             Killed from afar by Maggie (21 damage)
             ... with a bolt of fire
             ... on level 7 of the Dungeon.
             The game lasted 00:08:37 (5290 turns).

Borgoz the Slasher (Ghoul Gladiator)                Turns: 5290, Time: 00:08:38

Health: -4/75      AC: 13    Str: 18    XL:     9   Next: 17%
Magic:  8/8        EV: 12    Int:  7    God:
Gold:   275        SH:  0    Dex: 13    Spells: 8/8 levels left

rFire    x . .     SeeInvis .   b - +8 dagger "Buig" {freeze, rElec rPois rF- Int+4}
rCold    + . .     Faith    .   (no shield)
rNeg     + + +     Spirit   .   f - +0 scale mail
rPois    ∞         Reflect  .   c - +0 helmet
rElec    +         Harm     .   i - +0 cloak
rCorr    .         Rampage  .   (no gloves)
Will     .....                  (no boots)
Stlth    ..........             (no amulet)
HPRegen  0.00/turn              n - +4 ring of protection
MPRegen  0.11/turn              (no ring)

@: mesmerised
A: claws 1, cold resistance 1, negative energy resistance 3, inhibited
regeneration, torment resistance, unbreathing
a: no special abilities


You were on level 7 of the Dungeon.
You visited 1 branch of the dungeon, and saw 7 of its levels.
You also visited: Sewer.

You collected 325 gold pieces.
You spent 50 gold pieces at shops.

Inventory:

Hand Weapons
 a - a +0 long sword
 b - the +8 dagger "Buig" (weapon) {freeze, rElec rPois rF- Int+4}
   (You found it on level 4 of the Dungeon)

   It has been specially enchanted to freeze those struck by it, causing extra
   injury to most foes and up to half again as much damage against particularly
   susceptible opponents.
   It can also slow down cold-blooded creatures.
   It affects your intelligence (+4).
   It makes you vulnerable to fire.
   It insulates you from electricity.
   It protects you from poison.
 q - a +0 great sword
Missiles
 d - a throwing net (quivered)
Armour
 c - a +0 helmet (worn)
 f - a +0 scale mail (worn)
 i - a +0 cloak (worn)
Jewellery
 l - an uncursed ring of ice
 n - a +4 ring of protection (left claw)
Wands
 k - a wand of paralysis (13)
Scrolls
 m - 4 scrolls of remove curse
 p - a scroll of fear
 r - a scroll of blinking
 s - a scroll of magic mapping
 t - a scroll of enchant armour
 u - a scroll of random uselessness {unknown}
Potions
 e - a potion of brilliance
 g - 2 potions of curing
 h - 2 potions of magic
 j - 4 potions of haste
 o - a potion of flight


   Skills:
 + Level 6.0 Fighting
 * Level 7.2 Long Blades
 - Level 1.7 Throwing
 + Level 4.5 Armour
 + Level 5.5 Dodging


You had 8 spell levels left.
You didn't know any spells.
Your spell library contained the following spells:

 Spells                   Type           Power        Failure   Level
 Animate Skeleton         Necr           0%           80%         1
 Apportation              Tloc           0%           80%         1
 Corona                   Hex            0%           80%         1
 Magic Dart               Conj           0%           80%         1
 Summon Small Mammal      Summ           0%           80%         1
 Blink                    Tloc           N/A          91%         2
 Call Imp                 Summ           0%           91%         2
 Slow                     Hex            0%           91%         2
 Conjure Flame            Conj/Fire      0%           99%         3
 Mephitic Cloud           Conj/Pois/Air  0%           99%         3
 Beastly Appendage        Tmut           Unusable     N/A         1
 Wereblood                Tmut           Unusable     N/A         2
 Spider Form              Tmut/Pois      Unusable     N/A         3
 Ice Form                 Ice/Tmut       Unusable     N/A         4
 Blade Hands              Tmut           Unusable     N/A         5

Dungeon Overview and Level Annotations

Branches:
Dungeon (7/15)             Temple (0/1) D:5           Sewer (visited)

Altars:
Nemelex Xobeh
Uskayaw
Vehumet
Wu Jian
Xom
The Shining One

Shops:
D:5 *   D:6 *   D:7 [

Annotations:
D:4 2 transporters, p0werm0de's ghost, amateur MiFi
D:7 Maggie


Innate Abilities, Weirdness & Mutations

You thrive by killing the living.
You are immune to poison.
You have sharp fingernails.
Your flesh is cold resistant. (rC+)
You are immune to negative energy. (rN+++)
You do not regenerate when monsters are visible.
You are immune to unholy pain and torment.
You can survive without breathing.


Message History

You hit Maggie. You freeze Maggie.
Maggie is moderately wounded.
Maggie hits you with a +0 broad axe of distortion!
Space warps horribly around you!!
* * * LOW HITPOINT WARNING * * *
You closely miss Maggie.
Maggie is moderately wounded.
You are too injured to fight recklessly!
You are too injured to fight recklessly!
You hit Maggie. You freeze Maggie.
Maggie is heavily wounded.
Maggie closely misses you.
Okay, then.
Throw: 2 throwing nets
Press: ? - help, Q - select action, (/) - cycle Shift-Dir - straight line, f - Maggie
Aim: Maggie, wielding a +0 broad axe of distortion and wearing +0 steam dragon scales (heavily wounded, mesmerising)
You throw a throwing net. The throwing net closely misses Maggie.
Maggie points at you and mumbles some strange words.
The bolt of fire hits you!! The fire burns you terribly!
You die...

# #########.####
##....<#$......
#..<..(@@....∩(
#...............
#...............
#...............
#............$..
#...$..........$
##......(......#
##.....#.....##


You could see Maggie (mesmerising).

Vanquished Creatures
  A water moccasin (D:5)
  2 sky beasts (D:6)
  Purgy (Sewer)
  A black bear (D:6)
  2 ogres
  4 centaurs
  A bullfrog (D:7)
  A wyvern zombie (D:6)
  A water moccasin skeleton (D:6)
  A jelly (D:4)
  3 hounds
  A centaur skeleton (D:5)
  2 orc priests
  4 orc wizards
  2 worker ants
  An iguana (D:4)
  A worker ant zombie (D:6)
  Robin (D:2)
  5 gnolls
  13 adders
  3 river rats (D:6)
  3 shadow imps
  2 white imps (D:5)
  2 ufetubi (D:6)
  An ooze (D:6)
  2 adder skeletons
  A worm (D:2)
  A dart slug (D:1)
  6 leopard geckos
  14 orcs
  8 giant cockroaches
  18 goblins
  7 hobgoblins
  4 jackals
  10 kobolds
  2 quokkas
  5 ball pythons
  13 bats
  7 frilled lizards
  A goblin zombie (D:6)
  3 hobgoblin zombies (D:6)
  2 kobold skeletons (D:6)
  2 orc zombies (D:6)
  A quokka zombie (D:5)
  8 rats
174 creatures vanquished.

Vanquished Creatures (others)
  65 plants
65 creatures vanquished.

Grand Total: 239 creatures vanquished

Notes
Turn   | Place    | Note
-------+----------+-------------------------------------------
     0 | D:1      | Borgoz the Ghoul Gladiator began the quest for the Orb.
     0 | D:1      | Reached XP level 1. HP: 17/17 MP: 0/0
   163 | D:1      | Reached XP level 2. HP: 25/25 MP: 1/1
   439 | D:1      | Reached skill level 3 in Long Blades
   763 | D:1      | Reached XP level 3. HP: 24/30 MP: 2/2
  1169 | D:2      | Reached skill level 1 in Armour
  1226 | D:2      | Reached XP level 4. HP: 36/37 MP: 3/3
  1236 | D:2      | Found a hide-covered altar of Uskayaw.
  1251 | D:2      | Noticed Robin
  1568 | D:3      | You fall into a shaft and drop 1 floor!
  1568 | D:4      | Noticed an ogre
  1575 | D:4      | Killed an ogre
  1576 | D:4      | Reached XP level 5. HP: 45/45 MP: 4/4
  1765 | D:3      | Found a shimmering altar of Xom.
  1818 | D:2      | Reached skill level 4 in Long Blades
  1831 | D:2      | Killed Robin
  2395 | D:4      | Found a radiant altar of Vehumet.
  2426 | D:3      | Reached XP level 6. HP: 34/51 MP: 5/5
  2611 | D:4      | Got a fine dagger
  2612 | D:4      | Identified the +8 dagger "Buig" {freeze, rElec rPois rF-
                  | Int+4} (You found it on level 4 of the Dungeon)
  2729 | D:4      | Reached XP level 7. HP: 59/59 MP: 6/6
  2756 | D:4      | Found a transporter.
  2757 | D:4      | Found a transporter.
  2816 | D:4      | Noticed p0werm0de's ghost (amateur MiFi)
  2957 | D:4      | Identified the ring of Wishful Thinking {rF+ rN++ Will-
                  | Str+4}
  3009 | D:4      | Reached skill level 5 in Long Blades
  3205 | D:5      | Entered Level 5 of the Dungeon
  3424 | D:5      | Found a staircase to the Ecumenical Temple.
  3430 | D:5      | Found a shimmering altar of Xom.
  3507 | D:5      | Found a glowing drain.
  3512 | Sewer    | Entered a sewer
  3531 | Sewer    | Noticed Purgy
  3541 | Sewer    | Killed Purgy
  3718 | D:5      | Found Kuwko's Serpentskin Sales.
  3731 | D:5      | Reached XP level 8. HP: 63/67 MP: 7/7
  3861 | D:5      | Found a sparkling altar of Nemelex Xobeh.
  4181 | D:6      | Reached skill level 5 in Fighting
  4181 | D:6      | Reached skill level 6 in Long Blades
  4243 | D:6      | Reached skill level 5 in Dodging
  4570 | D:6      | Found an ornate altar of the Wu Jian Council.
  4679 | D:6      | Found a glowing golden altar of the Shining One.
  4703 | D:6      | Reached skill level 7 in Long Blades
  4703 | D:6      | Reached XP level 9. HP: 71/75 MP: 8/8
  4971 | D:6      | Found Nyit's Assorted Antiques.
  5036 | D:6      | Bought a scroll of identify for 50 gold pieces
  5269 | D:7      | Found Natiud's Armour Emporium.
  5272 | D:7      | Noticed Maggie
  5290 | D:7      | Killed from afar by Maggie

Illustrated notes

Levels and vault maps discovered:
D:1:      dpeg_arrival_three_bigger_balls, layout_loops_corners
D:2:      layout_loops_cross, nicolae_overflow_crystal_walls, uniq_robin
D:3:      layout_basic, general_overflow_altar
D:4:      layout_rooms, overflow_temple_1_default,
          gammafunk_ghost_gnarly_gnolls, kennysheep_opposing_triangles
D:5:      layout_basic, lemuel_round_altar, minmay_temple_entry_from_below_b,
          gup_sewer_entry_bowl, basic_altar, guppyfry_shop_venom
D:6:      wad_woods_settlement, layout_basic, nicolae_tso_besieged_by_evil,
          pdpol_wu_jian_five_deadly_venoms, serial_shops,
          nicolae_shop_window_shopping, kennysheep_generic_room_10
D:7:      layout_rooms, okawaru_altar_gauntlet_db, serial_shops, shop, shop,
          kennysheep_little_box, shop, nicolae_shop_overgrown_old_shop,
          minmay_bent, uniq_joseph, uniq_harold, uniq_maggie

Skill      XL: |  1  2  3  4  5  6  7  8  9 |
---------------+----------------------------+-----
Long Blades    | 3 4 5 7 |  7.2
Dodging        | 3 4 5 |  5.5
Armour         | 1 2 3 4 |  4.5
Fighting       | 3 4 5 6 |  6.0
Throwing       | |  1.7

Action                   |  1- 3 |  4- 6 |  7- 9 || total
-------------------------+-------+-------+-------++-------
Melee: Long sword        |   100 |   170 |       ||   270
       Dagger            |       |    50 |   305 ||   355
Throw: Throwing net      |       |     1 |     1 ||     2
  Use: Scroll            |       |     9 |     6 ||    15
 Stab: Sleeping          |     1 |       |       ||     1
       Held in net/web   |       |     1 |       ||     1
Armor: Leather armour    |    19 |       |       ||    19
       Ring mail         |    54 |   123 |       ||   177
       Scale mail        |       |    29 |   143 ||   172
Dodge: Dodged            |    91 |   204 |   202 ||   497
       Rpst.: Long sword |    36 |    42 |       ||    78
